 Dungeon Crawl Stone Soup version 0.29-a0-541-gaf1fc19f1b (webtiles) character file.

Game seed: 9584957748986116017

126 kae the Firebug (level 4, -1/35 HPs)
             Began as a Demigod Fire Elementalist on June 2, 2022.
             Slain by an orc priest
             ... wielding a +0 hand axe
              (2 damage)
             ... on level 3 of the Dungeon.
             The game lasted 00:01:46 (2857 turns).

kae the Firebug (Demigod Fire Elementalist)         Turns: 2857, Time: 00:01:47

Health: -1/35      AC:  3    Str:  9      XL:     4   Next: 54%
Magic:  0/10       EV: 16    Int: 18 (21) God:
Gold:   185        SH:  0    Dex: 14      Spells: 4/7 levels left

rFire   . . .      SeeInvis .   c - +0 war axe
rCold   . . .      Faith    .   (no shield)
rNeg    . . .      Spirit   .   a - +0 robe
rPois   .          Reflect  .   (no helmet)
rElec   .          Harm     .   h - +0 cloak
rCorr   .          Rampage  .   (no gloves)
Will    .....                   (no boots)
Stlth   ++........              (no amulet)
HPRegen 0.11/turn               g - +4 ring of evasion
MPRegen 0.12/turn               (no ring)

@: studying Fire Magic
A: high MP 1, forlorn, divine attributes
a: no special abilities


You were on level 3 of the Dungeon.
You visited 1 branch of the dungeon, and saw 3 of its levels.

You collected 185 gold pieces.

Inventory:

Hand Weapons
 c - a +0 war axe (weapon)
Armour
 a - a +0 robe (worn)
 h - a +0 cloak (worn)
Jewellery
 g - a +4 ring of evasion (left hand)
Scrolls
 d - 2 scrolls of identify
 f - a scroll of vulnerability {unknown}
Potions
 b - a potion of magic
 e - a potion of mutation


   Skills:
 + Level 1.3 Fighting
 + Level 2.3 Dodging
 - Level 1.7 Stealth
 + Level 2.2 Spellcasting
 * Level 2.4 Conjurations
 * Level 4.1 Fire Magic


You had 4 spell levels left.
You knew the following spells:

 Your Spells              Type           Power      Damage    Failure   Level
a - Foxfire               Conj/Fire      52%        2x1d6     4%          1
b - Scorch                Fire           32%        2d7       4%          2

Your spell library contained the following spells:

 Spells                   Type           Power      Damage    Failure   Level
 Conjure Flame            Conj/Fire      13%        6-21      14%         3
 Inner Flame              Hex/Fire       9%         N/A       22%         3
 Flame Wave               Conj/Fire      13%        2d6       41%         4


Dungeon Overview and Level Annotations

Branches:
Dungeon (3/15)

Annotations:
D:2 Sigmund


Innate Abilities, Weirdness & Mutations

You have an increased reservoir of magic. (+10% MP)
You shall have no god before yourself.
Your divine heritage dramatically boosts your attributes as you level up.


Message History

Confirm with . or Enter, or press ? or * to list all spells.
You conjure some foxfire!
The orc priest invokes the aid of Beogh against you.
Beogh smites you!
The foxfire hits the kobold.
You kill the kobold!
The foxfire hits the orc priest.
The orc priest is moderately wounded.
You feel your dexterity returning.
Casting: Foxfire (safe; 4% risk of failure)
Confirm with . or Enter, or press ? or * to list all spells.
You conjure some foxfire!
The foxfire hits the orc priest but does no damage.
The orc priest is moderately wounded.
The orc priest invokes the aid of Beogh against you.
Beogh smites you!
* * * LOW HITPOINT WARNING * * *
The foxfire hits the orc priest.
The orc priest is heavily wounded.
Casting: Foxfire (safe; 4% risk of failure)
Confirm with . or Enter, or press ? or * to list all spells.
You conjure some foxfire!
The foxfire hits the orc priest but does no damage.
The orc priest is heavily wounded.
The foxfire hits the orc priest.
The orc priest is severely wounded.
Casting: Foxfire (safe; 4% risk of failure)
Confirm with . or Enter, or press ? or * to list all spells.
Flames lash the orc priest.
The orc priest is severely wounded.
The orc priest's fire resistance burns away.
The orc priest calls down the wrath of Beogh upon you.
Beogh smites you!
* * * LOW HITPOINT WARNING * * *
Casting: Scorch (safe; 4% risk of failure)
Confirm with . or Enter, or press ? or * to list all spells.
Flames lash the orc priest.
The orc priest is almost dead.
The orc priest hits you with a +0 hand axe.
You die...

.###.#####.# ... ..#
#.###### .. ... #..o...#
.. #.# #.####.# #. #)# ###
#.# ###.##.# #o# #.....)#
#.# ..
#.....o##############.#
..##.....@.).............#
..........################
.........### ...........#
...#.......# .. #.......#
. #.......# ##.###### #.#


You could see an orc priest (combustible).

Vanquished Creatures
  A necrophage (D:3)
  An adder (D:2)
  A worm (D:2)
  A dart slug (D:1)
  7 orcs (D:3)
  5 ball pythons
  3 bats (D:1)
  2 endoplasms
  A giant cockroach (D:1)
  2 goblins
  4 hobgoblins
  3 jackals (D:2)
  6 quokkas
  A frilled lizard (D:2)
  6 kobolds
  A rat (D:2)
45 creatures vanquished.

Vanquished Creatures (others)
  149 foxfires
149 creatures vanquished.

Grand Total: 194 creatures vanquished

Notes
Turn   | Place    | Note
-------+----------+-------------------------------------------
     0 | D:1      | kae the Demigod Fire Elementalist began the quest for the
                  | Orb.
     0 | D:1      | Reached XP level 1. HP: 14/14 MP: 5/5
     9 | D:1      | Reached skill level 1 in Conjurations
   218 | D:1      | Reached skill level 3 in Fire Magic
   344 | D:1      | Reached XP level 2. HP: 16/20 MP: 5/7
   347 | D:1      | Learned a level 2 spell: Scorch
  1481 | D:2      | Noticed Sigmund
  1615 | D:2      | Reached XP level 3. HP: 27/27 MP: 2/8
  2708 | D:3      | Noticed a necrophage
  2715 | D:3      | Killed a necrophage
  2716 | D:3      | Reached skill level 1 in Fighting
  2716 | D:3      | Reached skill level 4 in Fire Magic
  2716 | D:3      | Reached XP level 4. HP: 35/35 MP: 2/9
  2856 | D:3      | HP: 1/35 [orc priest/divine providence (10)]
  2857 | D:3      | Slain by an orc priest

Illustrated notes

Levels and vault maps discovered:
D:1:      psy_arrival_whirlpool, layout_loops_ring, hangedman_glass_teeth,
          minmay_misc_feat_pillars, dk_noncrumbling_3
D:2:      layout_basic, basic_altar, minmay_tiny_reverse_x, uniq_sigmund
D:3:      layout_basic, nicolae_ecumenical_oubliette, roderic_serpentine_path,
          uniq_grinder

Skill      XL: |  1  2  3 |
---------------+----------+-----
Conjurations   | 1 2 |  2.4
Fire Magic     | 3 4 |  4.1
Dodging        | 2 |  2.3
Spellcasting   | 2 |  2.2
Fighting       | 1 |  1.3
Stealth        | |  1.7

Action                   |  1- 3 |  4- 6 || total
-------------------------+-------+-------++-------
Melee: War axe           |    11 |       ||    11
 Cast: Foxfire           |    78 |     6 ||    84
       Scorch            |    10 |     2 ||    12
  Use: Scroll            |     4 |     1 ||     5
       Potion            |     3 |       ||     3
Armor: Robe              |     9 |       ||     9
Dodge: Dodged            |    33 |     2 ||    35

Table legend: (Time is in decaauts)
 A = Elapsed time spent in this place.
 B = Non-inter-level travel time spent in this place.
 C = Inter-level travel time spent in this place.
 D = Time resting spent in this place.
 E = Time spent auto-exploring this place.
 F = Levels seen in this place.
 G = Mean time per level.
                   A        B        C        D        E       F      G
               +--------+--------+--------+--------+--------+-----+--------+
         Total |   2863 |   2787 |     76 |    229 |   2162 |   3 |  954.3 |
       Dungeon |   2863 |   2787 |     76 |    229 |   2162 |   3 |  954.3 |
               +--------+--------+--------+--------+--------+-----+--------+

Top non-repeatable levels by time:
     D:1: 1293 daAuts
     D:2: 1055 daAuts
     D:3: 514 daAuts
